 Dungeon Crawl Stone Soup version 0.25.0-9-g26727b6 (webtiles) character file.

Game seed: 1813710381603781777

2275 oshikia the Martial Artist (level 9, -3/68 HPs)
             Began as a Demonspawn Monk on June 18, 2020.
             Was a Believer of Wu Jian.
             Slain by an orc warrior
             ... wielding a +0 hand axe
              (12 damage)
             ... in a bailey.
             The game lasted 00:19:30 (8584 turns).

oshikia the Martial Artist (Demonspawn Monk)        Turns: 8584, Time: 00:19:31

Health: -3/68      AC:  7    Str: 12    XL:     9   Next: 16%
Magic:  9/9        EV: 15    Int: 17    God:    Wu Jian [**....]
Gold:   706        SH:  0    Dex: 19    Spells: 8/8 levels left

rFire    . . .     SeeInvis .     - Unarmed
rCold    + . .     Gourm    .   (no shield)
rNeg     . . .     Faith    .   l - +2 leather armour {rPois}
rPois    +         Spirit   .   c - +0 helmet
rElec    .         Reflect  .   x - +0 cloak
rCorr    .         Harm     .   (no gloves)
MR       .....                  (no boots)
Stlth    +.........             (no amulet)
HPRegen  0.21/turn              u - +6 ring of intelligence
MPRegen  0.11/turn              t - ring of poison resistance

@: confused
A: hooves 2, cold resistance 1
a: Wall Jump, Renounce Religion


You were in a bailey.
You worshipped Wu Jian.
Wu Jian was pleased with you.
You were not hungry.

You visited 2 branches of the dungeon, and saw 8 of its levels.
You also visited: Bailey.

You collected 706 gold pieces.

Inventory:

Armour
 a - a +0 robe
 c - a +0 helmet (worn)
 l - a +2 leather armour of poison resistance (worn)
 x - a +0 cloak (worn)
Jewellery
 i - an uncursed ring of wizardry
 t - a ring of poison resistance (right hand)
 u - a +6 ring of intelligence (left hand)
Wands
 h - a wand of polymorph (14)
 w - a wand of digging (2)
Scrolls
 e - 5 scrolls of identify
 g - 5 scrolls of remove curse
 o - a scroll of enchant armour
 B - a scroll of magic mapping
 C - a scroll of immolation {unknown}
Potions
 n - 2 potions of flight
 p - 5 potions of curing
 A - 2 potions of stabbing
Comestibles
 b - 9 rations


   Skills:
 + Level 5.6 Fighting
 + Level 4.2 Armour
 + Level 5.2 Dodging
 - Level 1.7 Stealth
 * Level 8.6 Unarmed Combat


You had 8 spell levels left.
You didn't know any spells.
Your spell library was empty.

Dungeon Overview and Level Annotations

Branches:
Dungeon (7/15)             Temple (1/1) D:7          Bailey (1/1)

Altars:
Ashenzari
Cheibriados
Dithmenos
Elyvilon
Kikubaaqudgha
Nemelex Xobeh
Okawaru
Sif Muna
Trog
Wu Jian
Xom
The Shining One

Shops:
D:6 *


Innate Abilities, Weirdness & Mutations

You have hoof-like feet.
Your flesh is cold resistant. (rC+)


Message History

You closely miss the orc warrior. Your kick misses the orc warrior.
The orc warrior is severely wounded.
The orc warrior hits you with a +0 hand axe!
The orc warrior closely misses you.
You closely miss the orc warrior. Your kick misses the orc warrior.
The orc warrior is severely wounded.
The orc warrior hits you with a +0 hand axe.
You hit the orc warrior but do no damage.
You kick the orc warrior, but do no damage.
The orc warrior is severely wounded.
The orc warrior hits you with a +0 broad axe!!
* * * LOW HITPOINT WARNING * * *
The orc warrior hits you with a +0 hand axe!
* * * LOW HITPOINT WARNING * * *
You are confused.
You feel invigorated. The orc warrior barely misses you.
The orc warrior hits you with a +0 broad axe.
* * * LOW HITPOINT WARNING * * *
The orc warrior hits you with a +0 hand axe!
You die...

.'.K≈≈.......≈≈'.
.###≈≈.......≈≈##
'.'≈≈.......≈≈'.
###≈≈.......≈≈##
##≈.......≈##
####'''####
##..)..##
#∩....)∩#
#.@o8...#
##.oo..## ###)###
#)..# #.........#
#.............#
...............
...............
#.............#


You could see 3 orc warriors.

Vanquished Creatures
  An ice beast (D:6)
  2 sky beasts
  An orc warrior (Bailey)
  A black bear (D:6)
  An ogre (D:5)
  A phantom (D:6)
  A necrophage (D:5)
  3 centaurs
  A bullfrog (D:6)
  2 scorpions
  2 howler monkeys (D:7)
  3 crimson imps
  2 centaur zombies
  4 hounds
  A centaur skeleton (D:7)
  4 orc wizards
  A gnoll shaman (D:7)
  An orc priest (D:6)
  A bullfrog skeleton (D:6)
  Jessica (D:2)
  3 iguanas
  Natasha (thrice) (D:2)
  3 worker ants
  A worker ant zombie (D:7)
  5 adders
  11 gnolls
  A shadow imp (D:5)
  An ooze (D:4)
  An adder skeleton (D:6)
  4 worms
  2 dart slugs
  3 leopard geckos
  21 orcs
  3 ball pythons
  3 giant cockroaches
  9 goblins
  5 hobgoblins
  3 jackals (D:6)
  2 quokkas
  7 bats
  8 frilled lizards
  12 kobolds
  15 rats
160 creatures vanquished.

Vanquished Creatures (others)
  2 orcs (D:7)
  A quokka (D:5)
3 creatures vanquished.

Grand Total: 163 creatures vanquished

Notes
Turn   | Place    | Note
-------+----------+-------------------------------------------
     0 | D:1      | oshikia the Demonspawn Monk began the quest for the Orb.
     0 | D:1      | Reached XP level 1. HP: 18/18 MP: 1/1
   103 | D:1      | Reached skill level 3 in Unarmed Combat
   176 | D:1      | Gained mutation: You have large cloven feet. [demonic
                  | ancestry]
   176 | D:1      | Reached XP level 2. HP: 24/24 MP: 2/2
  1382 | D:2      | Gained mutation: You have hoof-like feet. [demonic
                  | ancestry]
  1382 | D:2      | Reached XP level 3. HP: 27/29 MP: 3/3
  1469 | D:2      | Noticed Natasha
  1477 | D:2      | Killed Natasha
  1477 | D:2      | Reached skill level 4 in Unarmed Combat
  1518 | D:2      | Noticed Natasha
  1633 | D:2      | Killed Natasha
  1633 | D:2      | Reached XP level 4. HP: 24/35 MP: 4/4
  1662 | D:2      | Noticed Natasha
  1670 | D:2      | Killed Natasha
  1691 | D:2      | Reached skill level 5 in Unarmed Combat
  1851 | D:2      | Reached XP level 5. HP: 27/41 MP: 5/5
  2205 | D:2      | Noticed Jessica
  2208 | D:2      | Killed Jessica
  3492 | D:4      | Found an iron altar of Okawaru.
  3512 | D:4      | Reached XP level 6. HP: 39/47 MP: 6/6
  3671 | D:4      | Reached skill level 1 in Armour
  3671 | D:4      | Reached skill level 6 in Unarmed Combat
  3938 | D:4      | Found a shattered altar of Ashenzari.
  3938 | D:4      | Found a bloodstained altar of Trog.
  3943 | D:4      | Found a shadowy altar of Dithmenos.
  3945 | D:4      | Found a faded altar of an unknown god.
  3947 | D:4      | Found a faded altar of an unknown god.
  4614 | D:5      | Entered Level 5 of the Dungeon
  4721 | D:5      | Reached XP level 7. HP: 15/53 MP: 7/7
  5555 | D:5      | Found a white marble altar of Elyvilon.
  5623 | D:5      | Reached skill level 7 in Unarmed Combat
  6070 | D:6      | Gained mutation: Your flesh is cold resistant. (rC+)
                  | [demonic ancestry]
  6070 | D:6      | Reached XP level 8. HP: 57/61 MP: 8/8
  6469 | D:6      | Found Ryorpheu's Assorted Antiques.
  7023 | D:6      | Reached skill level 5 in Fighting
  7150 | D:6      | Reached skill level 8 in Unarmed Combat
  7529 | D:7      | Found a staircase to the Ecumenical Temple.
  7560 | D:7      | Reached skill level 5 in Dodging
  7568 | D:7      | Reached XP level 9. HP: 23/68 MP: 9/9
  7582 | Temple   | Entered the Ecumenical Temple
  7910 | Temple   | Became a worshipper of the Wu Jian Council
  7910 | Temple   | Reached * piety under Wu Jian
  7910 | Temple   | Reached ** piety under Wu Jian
  7975 | D:7      | Found a flagged portal.
  7992 | Bailey   | Entered a bailey
  8567 | Bailey   | Found a burning altar of Makhleb.
  8584 | Bailey   | Slain by an orc warrior

Illustrated notes

Levels and vault maps discovered:
D:1:      dpeg_arrival_subterranean_lakeside_camping, layout_loops_ring,
          roderic_serpentine_path, minmay_split_cup_small
D:2:      layout_basic, uniq_natasha, uniq_jessica
D:3:      layout_basic, first_ration
D:4:      minmay_skewed_foursquare, layout_basic,
          chequers_temple_overflow_minitemple, okawaru_metal_pillars_1_2
D:5:      layout_loops_ring, elyvilon_altar_4
D:6:      layout_cave_pods, serial_shops, shop
D:7:      layout_loops_ring, minmay_temple_entry_overgrown,
          gammafunk_ghost_stat_death, enter_bailey_2
Temple:   minmay_temple_curvy_branch
Bailey:   bailey_axe_3, bailey

Skill      XL: |  1  2  3  4  5  6  7  8  9 |
---------------+----------------------------+-----
Unarmed Combat | 3 4 5 6 7 8 |  8.6
Dodging        | 3 4 5 |  5.2
Armour         | 1 2 3 4 |  4.2
Fighting       | 4 5 |  5.6
Stealth        | |  1.7

Action                   |  1- 3 |  4- 6 |  7- 9 || total
-------------------------+-------+-------+-------++-------
Melee: Unarmed           |    99 |   195 |   315 ||   609
       Punch             |     1 |     1 |     8 ||    10
       Kick              |    14 |    50 |   103 ||   167
Throw: Dart              |    18 |    17 |    58 ||    93
Invok: Whirlwind         |       |       |    39 ||    39
       Lunge             |       |       |     7 ||     7
  Use: Potion            |       |     6 |     6 ||    12
       Scroll            |       |     2 |     7 ||     9
 Stab: Sleeping          |     5 |     1 |     1 ||     7
       Invisible         |       |       |     4 ||     4
  Eat: Chunk             |     2 |     9 |     7 ||    18
       Ration            |       |       |     2 ||     2
Armor: Robe              |    24 |       |       ||    24
       Leather armour    |     3 |    37 |    98 ||   138
       Skin              |       |     3 |     2 ||     5
Dodge: Dodged            |    73 |    97 |   280 ||   450
